 Dungeon Crawl Stone Soup version 0.25-b1-46-gb8a1ec05df (webtiles) character file.

Game seed: 14512993173039869946

65681 grindst0ne the Contemplative (level 15, -2/141 HPs)
             Began as a Naga Gladiator on June 9, 2020.
             Was a Priest of Cheibriados.
             Slain by a dire elephant (29 damage)
             ... on level 6 of the Lair of Beasts.
             The game lasted 01:04:33 (26984 turns).

grindst0ne the Contemplative (Naga Gladiator)      Turns: 26984, Time: 01:04:34

Health: -2/141     AC: 28    Str: 33      XL:     15   Next: 17%
Magic:  28/34      EV: 16    Int: 28 (29) God:    Cheibriados [***...]
Gold:   878        SH:  8    Dex: 20      Spells: 9/14 levels left

rFire    + + .     SeeInvis +   a - +8 dagger of the Hall of Blades {elec, Int+3}
rCold    . . .     Gourm    .   Q - +2 buckler
rNeg     . . .     Faith    .   M - +2 scale mail {rPois}
rPois    +         Spirit   .   J - +3 hat of Pondering {ponderous, MR+ MP+10 Int+5}
rElec    .         Reflect  .   s - +0 cloak
rCorr    .         Harm     .   B - +2 pair of gloves {Dex+3}
MR       +++..                  (no barding)
Stlth    ..........             D - amulet of magic regeneration
HPRegen  0.33/turn              X - ring "Trusted Companion" {rF+ AC+4 Str+7 SInv Stlth-}
MPRegen  0.49/turn              I - +4 ring of protection

@: very slow
A: large, see invisible, clumsy 2, deformed body, deterioration 1, fire
resistance 1, magic resistance 1, poison resistance, slowness 2, slow metabolism
1, spit poison 1, constrict 1, AC +5
a: Spit Poison, Bend Time, Temporal Distortion, Renounce Religion


You were on level 6 of the Lair of Beasts.
You worshipped Cheibriados.
Cheibriados was most pleased with you.
You were hungry.

You visited 3 branches of the dungeon, and saw 19 of its levels.
You also visited: Ossuary, Bailey and Gauntlet.

You collected 1136 gold pieces.
You spent 258 gold pieces at shops.

Inventory:

Hand Weapons
 a - the +8 dagger of the Hall of Blades (weapon) {elec, Int+3}
   (You found it on level 11 of the Dungeon)

   Occasionally, upon striking a foe, it will discharge some electrical energy
   and cause terrible harm.
   It affects your intelligence (+3).
 b - the +9 hand crossbow of Impermanence {elec, rF++ Str-5 Int+2 SInv}
   (You acquired it on level 7 of the Dungeon)

   It charges the ammunition it shoots with electricity; occasionally upon a
   hit, such missiles may discharge and cause terrible harm.
   It affects your strength (-5).
   It affects your intelligence (+2).
   It greatly protects you from fire.
   It lets you see invisible.
 E - a +0 broad axe of flaming
Missiles
 d - 14 bolts
 n - 38 poisoned darts (quivered)
 N - 13 javelins
 O - a throwing net
Armour
 j - a +0 plate armour
 s - a +0 cloak (worn)
 B - a +2 pair of gloves of dexterity (worn)
 J - the +3 hat of Pondering (worn) {ponderous, MR+ MP+10 Int+5}
   (You took it off Gastronok on level 1 of the Lair of Beasts)

   It affects your intelligence (+5).
   It affects your resistance to hostile enchantments.
   It affects your magic capacity (+10).
 M - a +2 scale mail of poison resistance (worn)
 Q - a +2 buckler (worn)
 T - +0 steam dragon scales
Jewellery
 v - an uncursed ring of protection from magic
 A - an uncursed ring of resist corrosion
 D - an amulet of magic regeneration (around neck)
 F - an uncursed ring of positive energy
 I - a +4 ring of protection (right hand)
 R - a +4 ring of protection
 V - an uncursed amulet of the acrobat
 X - the ring "Trusted Companion" (left hand) {rF+ AC+4 Str+7 SInv Stlth-}
   (You found it in a Gauntlet)

   [ring of protection]

   It affects your AC (+4).
   It affects your strength (+7).
   It protects you from fire.
   It lets you see invisible.
   It makes you less stealthy.
 Y - an uncursed ring of protection from cold
Wands
 C - a wand of polymorph (14)
 G - a wand of clouds (4)
 H - a wand of digging (5)
Scrolls
 c - 6 scrolls of enchant weapon
 i - 7 scrolls of enchant armour
 k - 8 scrolls of teleportation
 l - 14 scrolls of remove curse
 m - 2 scrolls of fear
 o - 2 scrolls of fog
 p - 4 scrolls of amnesia
 q - 5 scrolls of identify
 u - 5 scrolls of magic mapping
 y - a scroll of acquirement
 z - a scroll of torment {unknown}
 L - 2 scrolls of immolation
Potions
 e - a potion of flight
 g - a potion of brilliance
 h - 6 potions of mutation
 r - 3 potions of stabbing
 t - 4 potions of curing
 w - 5 potions of lignification
 x - 2 potions of magic
 S - 2 potions of heal wounds
 W - a potion of cancellation
Miscellaneous
 U - a tin of tremorstones (3/3)
 Z - a lightning rod (4/4)
Comestibles
 f - 28 rations
 K - 7 chunks of flesh


   Skills:
 - Level 11.0 Fighting
 - Level 3.0 Axes
 - Level 10.0 Crossbows
 - Level 1.7 Throwing
 - Level 9.0 Armour
 - Level 10.1 Dodging
 - Level 4.0 Shields
 + Level 6.7 Necromancy
 + Level 12.8 Invocations
 - Level 5.0 Evocations


You had 9 spell levels left.
You knew the following spells:

 Your Spells              Type           Power        Failure   Level  Hunger
a - Borgnjor's Vile Clut  Necr/Erth      ###.......   80%         5    ######.

Your spell library contained the following spells:

 Spells                   Type           Power        Failure   Level  Hunger
 Animate Skeleton         Necr           N/A          1%          1    ##.....
 Sublimation of Blood     Necr           #####.....   1%          2    ###....
 Animate Dead             Necr           N/A          12%         4    #####..
 Corona                   Hex            #......      19%         1    ##.....
 Shock                    Conj/Air       #...         19%         1    ##.....
 Sting                    Tmut/Pois      #...         19%         1    ##.....
 Poisonous Vapours        Pois/Air       #.....       28%         2    ###....
 Slow                     Hex            #.......     28%         2    ###....
 Ignite Poison            Fire/Tmut/Pois #.......     50%         3    ####...
 Inner Flame              Hex/Fire       #.......     50%         3    ####...
 Mephitic Cloud           Conj/Pois/Air  #.......     50%         3    ####...
 Portal Projectile        Hex/Tloc       #.....       50%         3    ####...
 Cause Fear               Hex            #.........   88%         4    #####..
 Leda's Liquefaction      Hex/Erth       #.........   88%         4    #####..
 Olgreb's Toxic Radiance  Pois           #.......     88%         4    #####..
 Lightning Bolt           Conj/Air       #.........   99%         5    ######.


Dungeon Overview and Level Annotations

Branches:
Dungeon (12/15)            Temple (1/1) D:6            Lair (6/6) D:8
  Swamp (0/4) Lair:2       Spider (0/4) Lair:4        Slime (0/5) Lair:6
    Orc (0/2) D:11        Ossuary (visited)          Bailey (visited)
Gauntlet (visited)

Altars:
Ashenzari
Cheibriados
Elyvilon
Gozag
Hepliaklqana
Makhleb
Qazlal
Ru
Trog
Wu Jian
Xom
Yredelemnul
Zin
The Shining One
Jiyva

Shops:
D:6 [   D:10 }

Annotations:
D:8 3 runed translucent doors, diana's ghost, novice DsBe
D:9 1 runed translucent door, Statics's ghost, novice OpFi
D:10 1 runed translucent door, Kono's ghost, novice GrFi
Lair:2 2 transporters, Pamiuf's ghost, journeyman KoSu


Innate Abilities, Weirdness & Mutations

You cannot wear boots.
Your serpentine skin is tough. (AC +5)
You have supernaturally acute eyesight. (SInv)
Armour fits poorly on your strangely shaped body.
Your system is resistant to poisons. (rPois)
You cover ground very slowly.
You have a slow metabolism.
You can spit poison.
You can use your snake-like lower body to constrict enemies.
You are very clumsy. (Dex -4)
Your body sometimes deteriorates upon taking damage.
Your flesh is heat resistant. (rF+)
You are resistant to hostile enchantments. (MR+)


Message History

Aiming: Cloud Cone
Press: ? - help, Dir - move target cursor, f/p - dire elephant
Aim: a dire elephant (severely wounded, poisoned)
You create a blast of freezing vapour!
The dire elephant is engulfed in freezing vapours.
The dire elephant tramples you!!
* * * LOW HITPOINT WARNING * * *
You hold your ground!
The dire elephant trunk-slaps you but does no damage.
You hit the dire elephant but do no damage.
The dire elephant is severely wounded.
The dire elephant is engulfed in freezing vapours.
The dire elephant tramples you.
* * * LOW HITPOINT WARNING * * *
You hold your ground!
The dire elephant closely misses you.
You hit the dire elephant.
The dire elephant is almost dead.
The dire elephant is engulfed in freezing vapours.
The dire elephant tramples you!!
You die...

#.P. ...8. #..
##.8... #.. #.÷...
#.P##.... #.##...##
#.#..§..##
##..§§§...#..8 ##
#P@Y§§§....(÷. ###.
##..P§###...÷.###...
#..P....#######.....
###..##..P.P.....÷.P
######..P.......P#
##P.P.####### ######


You could see a dire elephant (poisoned).

Vanquished Creatures
  Gastronok (Lair:1)
  Nessos (Lair:4)
  A minotaur (Gauntlet)
  2 catoblepae
  13 hydras
  A deep troll shaman (Lair:6)
  5 death yaks (Lair:6)
  Urug (Lair:1)
  Erica (D:8)
  An orc high priest (Bailey)
  5 skeletal warriors (D:11)
  A wretched star (Gauntlet)
  3 unseen horrors
  2 orc knights (Bailey)
  An orc sorcerer (Bailey)
  An oklob plant (Lair:4)
  5 elephants (Lair:4)
  A cyclops (D:12)
  4 black mambas
  A torpor snail (Lair:5)
  An eye of devastation (Gauntlet)
  12 spiny frogs
  Maggie (D:9)
  8 komodo dragons
  4 rime drakes
  2 minotaur zombies (Gauntlet)
  An ice devil (Gauntlet)
  6 jumping spiders (Lair:4)
  2 polar bears
  A raiju (Gauntlet)
  14 blink frogs
  14 dream sheep
  A slime creature (Lair:2)
  5 hippogriffs
  3 redbacks (Lair:4)
  38 yaks
  14 flying skulls (Gauntlet)
  A wraith (D:8)
  3 basilisks
  A golden eye (Gauntlet)
  3 steam dragons
  7 porcupines
  10 water moccasins
  4 black bears
  2 sky beasts (D:7)
  13 orc warriors
  A phantom (D:8)
  6 ogres
  3 centaurs
  4 ice beasts
  2 necrophages
  10 wolves
  14 crocodiles
  A big kobold (D:10)
  16 bullfrogs
  6 scorpions
  2 wyvern skeletons
  10 killer bees
  4 wights (D:8)
  13 electric eels
  3 howler monkeys
  2 crimson imps
  3 small abominations (Gauntlet)
  2 hounds
  A bullfrog zombie (D:9)
  2 bullfrog skeletons
  8 orc priests
  11 orc wizards
  7 jellies
  A centaur skeleton (D:7)
  5 iguanas
  Natasha (thrice) (D:4)
  6 worker ants
  2 hound zombies (D:11)
  3 mummies (Ossuary)
  9 gnolls (Bailey)
  10 adders
  A shadow imp (D:11)
  2 white imps (Gauntlet)
  15 oozes (Lair:2)
  7 adder zombies
  2 adder skeletons
  2 worms
  3 dart slugs
  3 leopard geckos
  52 orcs
  A ball python (D:3)
  3 bats
  5 giant cockroaches
  6 goblins (Bailey)
  8 hobgoblins
  8 jackals
  3 goblin zombies (Ossuary)
  4 hobgoblin zombies (Ossuary)
  A jackal skeleton (D:5)
  A jackal zombie (D:8)
  5 kobolds
  A kobold zombie (Ossuary)
  A leopard gecko zombie (D:8)
  4 quokka zombies (Ossuary)
  7 rats
  A rat zombie (Ossuary)
  A fungus (Lair:4)
  A plant (Lair:3)
540 creatures vanquished.

Vanquished Creatures (collateral kills)
  An orc knight (Bailey)
  An orc warrior (Bailey)
  2 orcs (Bailey)
  A hobgoblin (Bailey)
5 creatures vanquished.

Vanquished Creatures (others)
  An orc (D:5)
  29 fungi
  8 plants
38 creatures vanquished.

Grand Total: 583 creatures vanquished

Notes
Turn   | Place    | Note
-------+----------+-------------------------------------------
     0 | D:1      | grindst0ne the Naga Gladiator began the quest for the Orb.
     0 | D:1      | Reached XP level 1. HP: 19/19 MP: 1/1
   215 | D:1      | Reached XP level 2. HP: 17/27 MP: 2/2
   813 | D:2      | Reached XP level 3. HP: 30/33 MP: 3/3
  1720 | D:3      | Reached XP level 4. HP: 31/42 MP: 4/4
  2626 | D:4      | Found a sand-covered staircase.
  2626 | D:4      | Noticed Natasha
  2643 | D:4      | Killed Natasha
  2643 | D:4      | Reached XP level 5. HP: 25/50 MP: 5/5
  2660 | Ossuary  | Entered an ossuary
  2662 | Ossuary  | Gained mutation: Your muscles are strong. (Str +2) [potion
                  | of mutation]
  2662 | Ossuary  | Gained mutation: You are clumsy. (Dex -2) [potion of
                  | mutation]
  2662 | Ossuary  | Gained mutation: You are very clumsy. (Dex -4) [potion of
                  | mutation]
  2662 | Ossuary  | Gained mutation: Your flesh is heat resistant. (rF+)
                  | [potion of mutation]
  3062 | D:4      | Reached XP level 6. HP: 52/58 MP: 6/6
  3385 | D:4      | Found a hazy altar of Hepliaklqana.
  3385 | D:4      | Found a stormy altar of Qazlal.
  3435 | D:4      | Noticed Natasha
  3441 | D:4      | Killed Natasha
  3444 | D:4      | Found a burning altar of Makhleb.
  3447 | D:4      | Found a glowing silver altar of Zin.
  3448 | D:4      | Noticed an angel
  3689 | D:4      | Noticed a blizzard demon
  3861 | D:4      | Noticed Natasha
  3870 | D:4      | Killed Natasha
  3870 | D:4      | Reached skill level 5 in Fighting
  4076 | D:4      | Reached XP level 7. HP: 67/67 MP: 7/7
  4220 | D:5      | Entered Level 5 of the Dungeon
  4237 | D:4      | Reached skill level 5 in Dodging
  4316 | D:5      | Found a glowing golden altar of the Shining One.
  5041 | D:6      | Reached XP level 8. HP: 36/78 MP: 8/8
  6997 | D:6      | Found a staircase to the Ecumenical Temple.
  7034 | Temple   | Entered the Ecumenical Temple
  7052 | Temple   | Became a worshipper of Cheibriados the Contemplative
  7094 | D:6      | Found Cicimecaxzu's Armour Shoppe.
  7102 | D:6      | Bought a +2 pair of gloves of dexterity for 258 gold pieces
  7386 | D:7      | Identified a scroll of acquirement
  7407 | D:7      | Got the +9 hand crossbow of Impermanence {elec, rF++ Str-5
                  | Int+2 SInv}
  7474 | D:7      | Reached skill level 1 in Crossbows
  7718 | D:7      | Reached XP level 9. HP: 71/88 MP: 9/9
  8119 | D:8      | Reached * piety under Cheibriados
  8407 | D:8      | Found a staircase to the Lair.
  8436 | D:8      | Reached skill level 5 in Crossbows
  8878 | D:8      | Reached ** piety under Cheibriados
  8958 | D:8      | Reached XP level 10. HP: 81/99 MP: 10/10
  9285 | D:8      | Found a runed translucent gate.
  9285 | D:8      | Found a runed translucent gate.
  9285 | D:8      | Found a runed translucent gate.
  9573 | D:8      | Found a glowing golden altar of the Shining One.
  9763 | D:8      | Noticed diana's ghost (novice DsBe)
  9929 | D:9      | Found a flagged portal.
  9953 | Bailey   | Entered a bailey
  9985 | Bailey   | Reached *** piety under Cheibriados
 10291 | Bailey   | Noticed an orc high priest
 10294 | Bailey   | Noticed a sun demon
 10298 | Bailey   | Killed an orc high priest
 10298 | Bailey   | Reached skill level 10 in Fighting
 10311 | Bailey   | Noticed an orc sorcerer
 10317 | Bailey   | Killed an orc sorcerer
 10380 | Bailey   | Found an iron altar of Okawaru.
 10416 | Bailey   | Noticed an orc knight
 10416 | Bailey   | Noticed an orc knight
 10421 | Bailey   | Gained mutation: Your magical capacity is low. (-10% MP)
                  | [mutagenic glow]
 10427 | Bailey   | Killed an orc knight
 10431 | Bailey   | Killed an orc knight
 10436 | Bailey   | Reached **** piety under Cheibriados
 10461 | Bailey   | Gained mutation: Your body sometimes deteriorates upon
                  | taking damage. [mutagenic glow]
 10830 | Bailey   | Noticed an orc knight
 10850 | Bailey   | Killed an orc knight
 10850 | Bailey   | Reached XP level 11. HP: 27/110 MP: 9/9
 11401 | Bailey   | Identified the Disquisition on Lightness and Evil
 11416 | Bailey   | Learned a level 5 spell: Borgnjor's Vile Clutch
 13007 | Bailey   | Lost mutation: Your muscles are strong. (Str +2) [potion of
                  | mutation]
 13007 | Bailey   | Lost mutation: Your magical capacity is low. (-10% MP)
                  | [potion of mutation]
 13007 | Bailey   | Gained mutation: You are resistant to hostile enchantments.
                  | (MR+) [potion of mutation]
 13175 | D:9      | Noticed Maggie
 13184 | D:9      | Killed Maggie
 13473 | D:9      | Found an ornate altar of the Wu Jian Council.
 13493 | D:9      | Found a runed translucent door.
 13493 | D:9      | Found a shimmering altar of Xom.
 13493 | D:9      | Noticed Statics's ghost (novice OpFi)
 13494 | D:9      | Noticed a +0 scimitar of chaos
 13716 | D:10     | Entered Level 10 of the Dungeon
 14164 | D:10     | Noticed an unseen horror
 14184 | D:10     | Killed an unseen horror
 14240 | D:10     | Reached skill level 1 in Shields
 14443 | D:10     | Found a runed translucent door.
 14444 | D:10     | Identified the +3 spear of the Sky {flame, rC+ Dex+4}
 14444 | D:10     | Noticed Kono's ghost (novice GrFi)
 14691 | D:10     | Found Oviuhood's Gadget Shoppe.
 15477 | D:11     | Reached skill level 1 in Invocations
 15557 | D:11     | Reached ***** piety under Cheibriados
 15876 | D:11     | Noticed a skeletal warrior
 15876 | D:11     | Noticed a skeletal warrior
 15876 | D:11     | Noticed a skeletal warrior
 15877 | D:11     | Noticed a skeletal warrior
 15880 | D:11     | Noticed a skeletal warrior
 15881 | D:11     | Killed a skeletal warrior
 15881 | D:11     | Reached skill level 10 in Crossbows
 15881 | D:11     | Reached skill level 1 in Evocations
 15885 | D:11     | Killed a skeletal warrior
 15886 | D:11     | Killed a skeletal warrior
 15886 | D:11     | Reached skill level 2 in Invocations
 15890 | D:11     | Killed a skeletal warrior
 15896 | D:11     | Killed a skeletal warrior
 16186 | D:11     | Noticed an unseen horror
 16193 | D:11     | Killed an unseen horror
 16193 | D:11     | Reached skill level 3 in Invocations
 16270 | D:11     | Got a transparent dagger
 16272 | D:11     | Identified the +8 dagger of the Hall of Blades {elec,
                  | Int+3} (You found it on level 11 of the Dungeon)
 17129 | D:11     | Reached XP level 12. HP: 64/120 MP: 14/14
 17411 | D:11     | Found a staircase to the Orcish Mines.
 17748 | D:11     | Reached skill level 4 in Invocations
 18057 | Lair:1   | Entered Level 1 of the Lair of Beasts
 18106 | Lair:1   | Noticed Erica
 18111 | Lair:1   | Noticed Gastronok
 18129 | D:8      | Killed Erica
 18366 | Lair:1   | Killed Gastronok
 18366 | Lair:1   | Reached skill level 5 in Invocations
 18476 | Lair:1   | Reached skill level 5 in Evocations
 18574 | Lair:1   | Reached skill level 6 in Invocations
 18784 | Lair:1   | Noticed an eight-headed hydra
 18793 | Lair:1   | Killed a three-headed hydra
 18914 | Lair:1   | Noticed Urug
 18928 | Lair:1   | Killed Urug
 19084 | Lair:1   | Reached skill level 7 in Invocations
 19359 | Lair:1   | Noticed a four-headed hydra
 19365 | Lair:1   | Killed a one-headed hydra
 19476 | Lair:1   | Noticed a six-headed hydra
 19490 | Lair:1   | Killed a one-headed hydra
 20065 | Lair:2   | Reached skill level 8 in Invocations
 20383 | Lair:2   | Gained mutation: You can use your snake-like lower body to
                  | constrict enemies. [Naga growth]
 20383 | Lair:2   | Reached XP level 13. HP: 96/127 MP: 19/19
 20526 | Lair:2   | Reached ****** piety under Cheibriados
 20563 | Lair:2   | Reached skill level 10 in Dodging
 20727 | Lair:2   | Found a staircase to the Swamp.
 20735 | Lair:2   | Reached skill level 9 in Invocations
 20736 | Lair:2   | Found a transporter.
 20739 | Lair:2   | Found a transporter.
 20740 | Lair:2   | Identified the +11 demon whip of Orraj {elec, rF+}
 20741 | Lair:2   | Noticed Pamiuf's ghost (journeyman KoSu)
 20749 | Lair:2   | Identified the +9 trident "Puteuc" {vamp, *Contam rC++
                  | Dex+3 SInv}
 20752 | Lair:2   | Found a bloodstained altar of Trog.
 21030 | Lair:2   | Reached skill level 1 in Armour
 21542 | Lair:3   | Found a gate leading to a gauntlet.
 21553 | Gauntlet | Entered a Gauntlet
 21553 | Gauntlet | Found a transporter.
 21563 | Gauntlet | Found a transporter.
 21566 | Gauntlet | Found a transporter.
 21567 | Gauntlet | Found a transporter.
 21578 | Gauntlet | Found a transporter.
 21578 | Gauntlet | Found a transporter.
 21579 | Gauntlet | Found a transporter.
 21590 | Gauntlet | Found a transporter.
 21591 | Gauntlet | Found a transporter.
 21591 | Gauntlet | Found a transporter.
 21602 | Gauntlet | Found a transporter.
 21602 | Gauntlet | Found a transporter.
 21603 | Gauntlet | Found a transporter.
 21611 | Gauntlet | Found a transporter.
 21895 | Gauntlet | Reached skill level 10 in Invocations
 22145 | Gauntlet | Got a slimy brass ring
 22205 | Gauntlet | Identified the ring "Trusted Companion" {rF+ AC+4 Str+7
                  | SInv Stlth-} (You found it in a Gauntlet)
 22219 | Gauntlet | Noticed a minotaur
 22222 | Gauntlet | Killed a minotaur
 22222 | Gauntlet | Reached skill level 5 in Armour
 23054 | Lair:3   | Reached XP level 14. HP: 98/135 MP: 21/21
 24054 | Lair:4   | Noticed Nessos
 24058 | Lair:4   | Killed Nessos
 24736 | Lair:4   | Found a hole to the Spider Nest.
 25328 | Lair:5   | Reached skill level 1 in Necromancy
 25350 | Lair:5   | Reached skill level 11 in Invocations
 26062 | Lair:6   | Entered Level 6 of the Lair of Beasts
 26314 | Lair:6   | Reached skill level 12 in Invocations
 26526 | Lair:6   | Reached skill level 5 in Necromancy
 26729 | Lair:6   | Found a staircase to the Slime Pits.
 26729 | Lair:6   | Found a viscous altar of Jiyva.
 26825 | Lair:6   | Reached XP level 15. HP: 127/141 MP: 24/24
 26984 | Lair:6   | Slain by a dire elephant

Illustrated notes

Levels and vault maps discovered:
D:1:      grunt_arrival_lava_bath, layout_basic, serial_glass, glass_columns_c,
          glass_columns_c
D:2:      layout_basic
D:3:      layout_loops_ring
D:4:      layout_loops_ring, grunt_temple_overflow_order_and_chaos_2,
          grunt_temple_overflow_open, enter_ossuary_3, uniq_natasha
D:5:      layout_loops_ring, first_ration, basic_altar
D:6:      wad_lake_hut, layout_rooms, minmay_temple_entry_overgrown,
          serial_shops, nicolae_shop_competitors_out_of_business,
          minmay_a_box_with_orc_wizards_in_it
D:7:      layout_basic
D:8:      layout_basic, kennysheep_mini, due_lair_maze_entry_diamond,
          gammafunk_ghost_icy
D:9:      layout_irregular_city, lemuel_round_altar, ebering_ghost_xom,
          enter_bailey_2, uniq_maggie
D:10:     minmay_skewed_foursquare, layout_loops_ring, serial_shops, shop,
          ebering_ghost_funeral_grove, grunt_ogre_cave, fountainhead
D:11:     layout_basic, erik_orc_2
D:12:     layout_roguey, basic_altar, hangedman_parallel_progression,
          uniq_fannar
Temple:   compressed_dpeg_circular_temple
Lair:1:   layout_misc_corridors, uniq_urug, uniq_erica, uniq_gastronok
Lair:2:   lemuel_slime, layout_regular_city, swamp_mist,
          gammafunk_ghost_wrathful_warriors, lemuel_fruit_fields
Lair:3:   layout_regular_city, gauntlet_entry_generic
Lair:4:   layout_loops_ring, nicolae_spider_entry_tight_spaces,
          small_statue_intersection, minivault_19, grunt_megastairs_2,
          uniq_nessos
Lair:5:   layout_small_grid, lemuel_fruit_fields
Lair:6:   grunt_lair_end_beastmaster, layout_regular_city, slime_altar_1

Skill      XL: |  1  2  3  4  5  6  7  8  9 10 11 12 13 14 15 |
---------------+----------------------------------------------+-----
Dodging        | 3 4 5 6 7 9 10 | 10.1
Fighting       | 3 4 5 6 8 9 10 11 | 11.0
Crossbows      | 2 6 9 10 | 10.0
Shields        | 4 |  4.0
Invocations    | 3 8 10 12 | 12.8
Evocations     | 3 5 |  5.0
Armour         | 7 9 |  9.0
Necromancy     | 5 6 |  6.7
Axes           | |  3.0
Throwing       | |  1.7

Action                   |  1- 3 |  4- 6 |  7- 9 | 10-12 | 13-15 || total
-------------------------+-------+-------+-------+-------+-------++-------
Melee: War axe           |    65 |   201 |   153 |    21 |    30 ||   470
       Dagger            |       |       |   144 |   613 |   514 ||  1271
       Constrict         |       |       |       |       |   107 ||   107
       Broad axe         |       |       |       |       |    17 ||    17
 Fire: Hand crossbow     |       |       |    34 |    87 |    86 ||   207
Throw: Throwing net      |       |     5 |       |     2 |       ||     7
       Dart              |       |     2 |    30 |    73 |     9 ||   114
       Javelin           |       |       |       |       |     6 ||     6
Invok: Slouch            |       |       |       |     2 |    19 ||    21
 Abil: Spit Poison       |     4 |    12 |    19 |     9 |       ||    44
Evoke: Wand              |       |       |    10 |     7 |     2 ||    19
       Box of beasts     |       |       |       |     2 |       ||     2
       Tin of tremorston |       |       |       |       |     1 ||     1
  Use: Potion            |       |     6 |     3 |     3 |     2 ||    14
       Scroll            |       |     8 |     7 |     8 |     5 ||    28
 Stab: Held in net/web   |       |     2 |       |       |       ||     2
  Eat: Chunk             |     2 |     7 |    10 |    15 |     8 ||    42
       Ration            |       |       |     1 |     2 |     2 ||     5
Armor: Ring mail         |    32 |    58 |       |       |       ||    90
       Skin              |       |    12 |       |       |       ||    12
       Leather armour    |       |     9 |   147 |    73 |       ||   229
       Scale mail        |       |       |       |   223 |   362 ||   585
Dodge: Dodged            |    43 |   105 |   228 |   471 |   560 ||  1407
Block: Buckler           |       |       |       |   204 |   336 ||   540
